 Dungeon Crawl Stone Soup version 0.20-a0-390-g4892b34 (webtiles) character file.

69 Da5id the Insei (level 4, -7/35 HPs)
             Began as a Demonspawn Monk on Dec 30, 2016.
             Mangled by a gnoll
             ... wielding a +0 halberd
              (12 damage)
             ... on level 2 of the Dungeon.
             The game lasted 00:02:45 (1700 turns).

Da5id the Insei (Demonspawn Monk)                   Turns: 1700, Time: 00:02:45

Health: -7/35      AC:  7    Str: 12    XL:     4   Next: 2%
Magic:  13/13      EV: 18    Int: 12    God:
Gold:   115        SH:  4    Dex: 20    Spells: 3/3 levels left

rFire  + . .     SeeInvis .       - Unarmed
rCold  . . .     Gourm    .     a - +0 robe
rNeg   . . .     Faith    .     (no shield)
rPois  .         Spirit   .     (no helmet)
rElec  .         Reflect  .     e - +0 cloak
rCorr  .         Harm     .     h - +0 pair of gloves
MR     .....                    k - +2 pair of boots
Stlth  +++.......               r - amulet of inaccuracy (curse)
                                (no ring)
                                n - ring of magical power

@: agile
A: large bone plates 1, fire resistance 1, flame cloud immunity
a: no special abilities


You were on level 2 of the Dungeon.
You were hungry.

You visited 1 branch of the dungeon, and saw 2 of its levels.

You collected 115 gold pieces.

Inventory:

Armour
 a - a +0 robe (worn)
 e - a +0 cloak (worn)
 h - a +0 pair of gloves (worn)
 k - a +2 pair of boots (worn)
Jewellery
 n - a ring of magical power (left hand)
 o - an uncursed amulet of guardian spirit
 r - a cursed amulet of inaccuracy (around neck)
Potions
 c - a potion of resistance {unknown}
 j - a potion of lignification {unknown}
 l - 2 potions of agility
 q - a potion of degeneration {unknown}
Comestibles
 b - 2 bread rations
 d - 6 chunks of flesh
 m - a slice of pizza


   Skills:
 - Level 3.0 Fighting
 - Level 2.6 Dodging
 - Level 1.7 Stealth
 + Level 4.4 Unarmed Combat


You had 3 spell levels left.
You didn't know any spells.

Dungeon Overview and Level Annotations

Branches:
Dungeon (2/15)

Altars:


Innate Abilities, Weirdness & Mutations

You are partially covered in large bone plates. (SH +4)
Your flesh is heat resistant. (rF+)
You are immune to clouds of flame.


Message History

The gnoll is moderately wounded.
The gnoll closely misses you.
You closely miss the gnoll.
The gnoll is moderately wounded.
The gnoll barely misses you.
You hit the gnoll. You punch the gnoll.
You kill the gnoll!
You have reached level 4!
You feel stronger.
Your demonic ancestry asserts itself...
You feel less concerned about heat.
You hit the gnoll.
The gnoll is moderately wounded.
The gnoll closely misses you.
You hit the gnoll.
The gnoll is heavily wounded.
You block the gnoll's attack. The gnoll barely misses you.
You punch the gnoll!
The gnoll is almost dead.
The gnoll hits you from afar with a halberd!
You die...

*##### #,...#
********#####.##.######
,,,,,,,,......g..g...>#
********#########g#####
#g# #############@#
#.............#
#.############# #.#
#####># ......# #####.#
# ### #


You could see 3 gnolls.

Vanquished Creatures
  A gnoll (D:2)
  An adder (D:2)
  An ooze (D:1)
  A dart slug (D:1)
  2 leopard geckos (D:2)
  6 bats
  A giant cockroach (D:2)
  5 goblins
  6 hobgoblins
  7 kobolds
  A quokka (D:2)
  A ball python (D:1)
  2 frilled lizards (D:1)
  3 rats
38 creatures vanquished.

Vanquished Creatures (others)
  A worm (D:2)
1 creature vanquished.

Grand Total: 39 creatures vanquished

Notes
Turn   | Place    | Note
-------+----------+-------------------------------------------
     0 | D:1      | Da5id the Demonspawn Monk began the quest for the Orb.
     0 | D:1      | Reached XP level 1. HP: 18/18 MP: 1/1
    78 | D:1      | Reached skill level 3 in Unarmed Combat
   397 | D:1      | Gained mutation: You are partially covered in large bone plates. (SH +4) [demonic ancestry]
   397 | D:1      | Reached XP level 2. HP: 24/24 MP: 2/2
  1043 | D:2      | Gained mutation: Your flesh is heat resistant. (rF+) [demonic ancestry]
  1043 | D:2      | Reached XP level 3. HP: 26/29 MP: 3/3
  1436 | D:2      | Reached skill level 4 in Unarmed Combat
  1697 | D:2      | Gained mutation: You are immune to clouds of flame. [demonic ancestry]
  1697 | D:2      | Reached XP level 4. HP: 5/35 MP: 4/4
  1700 | D:2      | Mangled by a gnoll

Vault maps used:
D:1:      eino_arrival_cavern_b
D:2:      kennysheep_path_1, serial_bayou_lagoon_a

Skill      XL: |  1  2  3 |
---------------+----------+-----
Unarmed Combat | 3 4 |  4.4
Fighting       | |  3.0
Dodging        | |  2.6
Stealth        | |  1.7

Action                   |  1- 3 |  4- 6 || total
-------------------------+-------+-------++-------
Melee: Unarmed           |   147 |     3 ||   150
       Punch             |     1 |       ||     1
  Use: Scroll            |     4 |       ||     4
       Potion            |     1 |       ||     1
 Stab: Sleeping          |     3 |       ||     3
       Distracted        |     1 |       ||     1
  Eat: Chunk             |     2 |       ||     2
Armor: Robe              |    37 |       ||    37
Dodge: Dodged            |    99 |     2 ||   101
Block: Other             |    14 |     1 ||    15
